 Dungeon Crawl Stone Soup version 0.27-a0-861-g9529aa9bf3 (webtiles) character file.

Game seed: 14471370073805330312

49 Essalna the Digger (level 3, -2/19 HPs)
             Began as a Gargoyle Earth Elementalist on Apr 2, 2021.
             Slain by a hobgoblin
             ... wielding a +0 club
              (6 damage)
             ... on level 3 of the Dungeon.
             The game lasted 00:03:11 (1152 turns).

Essalna the Digger (Gargoyle Earth Elementalist)    Turns: 1152, Time: 00:03:11

Health: -2/19      AC:  5    Str: 11    XL:     3   Next: 77%
Magic:  0/7        EV: 11    Int: 16    God:
Gold:   22         SH:  0    Dex: 10    Spells: 3/7 levels left

rFire    . . .     SeeInvis .   (no weapon)
rCold    . . .     Faith    .   (no shield)
rNeg     + . .     Spirit   .   c - +0 robe
rPois    ∞         Reflect  .   (no helmet)
rElec    +         Harm     .   (no cloak)
rCorr    .         Rampage  .   (no gloves)
Will     .....                  (no boots)
Stlth    ++........             (no amulet)
HPRegen  0.06/turn              (no ring)
MPRegen  0.10/turn              (no ring)

@: no status effects
A: AC +3, negative energy resistance 1, electricity resistance, torment
resistance 1, unbreathing 1, petrification resistance
a: no special abilities


You were on level 3 of the Dungeon.
You visited 1 branch of the dungeon, and saw 3 of its levels.

You collected 22 gold pieces.

Inventory:

Missiles
 b - 32 stones
Armour
 c - a +0 robe (worn)
Potions
 e - a potion of degeneration


   Skills:
 - Level 1.5 Dodging
 - Level 2.1 Stealth
 + Level 2.8 Spellcasting
 + Level 0.9 Conjurations
 - Level 1.0 Transmutations
 + Level 4.4 Earth Magic


You had 3 spell levels left.
You knew the following spells:

 Your Spells              Type           Power      Damage    Failure   Level
a - Sandblast             Erth           32%        2d9       3%          1
b - Stone Arrow           Conj/Erth      22%        3d8       19%         3

Your spell library contained the following spells:

 Spells                   Type           Power      Damage    Failure   Level
 Passwall                 Tmut/Erth      9%         N/A       10%         2
 Animate Skeleton         Necr           4%         N/A       19%         1
 Apportation              Tloc           4%         N/A       19%         1
 Corona                   Hex            2%         N/A       19%         1
 Summon Small Mammal      Summ           8%         N/A       19%         1
 Petrify                  Tmut/Erth      11%        N/A       52%         4
 Lee's Rapid Deconstruct  Erth           8%         3d8*      63%         5


Dungeon Overview and Level Annotations

Branches:
Dungeon (2/15)

Altars:


Innate Abilities, Weirdness & Mutations

Your stone body is resilient. (AC +3)
You are immune to poison.
You resist negative energy. (rN+)
You are resistant to electric shocks. (rElec)
You are resistant to unholy torment.
You can survive without breathing.
You are immune to petrification.


Message History

Confirm with . or Enter, or press ? or * to list all spells.
Aiming: Sandblast (safe; 3% risk of failure)
Press: ? - help, Shift-Dir - straight line, f - goblin
Aim: a goblin, wielding a +0 club (26% to evade)
The blast of sand hits the goblin!
You kill the goblin!
Your jackal bites the hobgoblin but does no damage.
Your jackal barely misses the hobgoblin.
Your jackal closely misses the hobgoblin.
The goblin shoots a stone.
The stone barely misses you.
The hobgoblin hits your jackal with a +0 club.
Your jackal bites the hobgoblin.
Your jackal completely misses the hobgoblin.
Your jackal bites the hobgoblin.
The hobgoblin dies!
A goblin comes into view. It is wielding a +0 club.
The goblin shoots a stone.
The stone closely misses you. The orc completely misses your jackal.
Your jackal misses the goblin.
The goblin shoots a stone.
The stone hits you.
* * * LOW HITPOINT WARNING * * *
Your jackal barely misses the goblin.
Your jackal bites the goblin.
The goblin dies!
The goblin shoots a stone.
The stone hits your jackal.
A gnoll comes into view. It is wielding a +0 club.
Your jackal closely misses the orc.
Your jackal barely misses the orc.
You swap places.
A goblin and a hobgoblin come into view.
The hobgoblin shouts!
The orc closely misses you. The goblin barely misses you.
The goblin hits you with a +0 club.
* * * LOW HITPOINT WARNING * * *
The gnoll hits your jackal with a +0 club.
Your jackal dies!
Your jackal's corpse dissolves into shadows!
The hobgoblin moves out of view.
You swap places.
A hobgoblin comes into view. It is wielding a +0 club.
Your jackal barely misses the goblin.
Your jackal closely misses the goblin.
The orc barely misses you. The hobgoblin hits you with a +0 club.
You die...

≈≈≈≈≈≈≈≈≈≈≈≈≈≈≈≈≈≈≈≈≈≈≈≈≈≈≈≈≈≈≈≈≈
≈≈≈≈≈≈≈≈≈≈≈≈≈≈≈≈≈≈≈≈≈≈≈≈≈≈≈≈≈≈≈≈≈
≈≈≈≈≈*****≈≈≈≈≈≈≈≈≈≈≈≈≈≈≈≈≈≈≈≈≈≈≈
≈≈≈≈≈*,,,#######****#######******
≈≈≈≈≈*,,,#....$.## ##.....#,,,,,,
≈≈≈≈≈*,,,#.......###......+,,,,,,
≈≈≈≈≈**'##..(.....#.......####***
≈≈≈≈≈≈*,.........)#...........,,,
≈≈≈≈≈≈*,........@)ggg.........,,,
≈≈≈≈≈≈*,...g.$ggho#.g)).......,,,
≈≈≈≈≈**'*#.[..gggh#.......#******
≈≈≈≈≈*,,,#....)..###.)....+,,,,,,
≈≈≈≈≈*,,,#....).## ##.....#,,,,,,
≈≈≈≈≈*,,,########***#######******
*≈≈≈≈*****≈≈≈≈≈≈≈≈≈≈≈≈≈≈≈≈≈≈≈≈≈≈≈
****≈≈≈≈≈≈≈≈≈≈≈≈≈≈≈≈≈≈≈≈≈≈≈≈≈≈≈≈≈
********≈≈≈≈≈≈≈≈≈≈≈≈≈≈≈≈≈≈≈≈≈≈


You could see a gnoll, an orc, 3 hobgoblins, 6 goblins and 2 friendly jackals.

Vanquished Creatures
  A worm (D:2)
  3 dart slugs (D:1)
  3 bats (D:1)
  3 endoplasms (D:1)
  A giant cockroach (D:1)
  7 goblins
  4 hobgoblins
  4 jackals (D:1)
  A quokka (D:1)
  A ball python (D:1)
  3 frilled lizards
  A kobold (D:1)
  3 rats
35 creatures vanquished.

Vanquished Creatures (collateral kills)
  2 goblins (D:3)
  A hobgoblin (D:3)
3 creatures vanquished.

Grand Total: 38 creatures vanquished

Notes
Turn   | Place    | Note
-------+----------+-------------------------------------------
     0 | D:1      | Essalna the Gargoyle Earth Elementalist began the quest for
                  | the Orb.
     0 | D:1      | Reached XP level 1. HP: 10/10 MP: 3/3
    82 | D:1      | Reached skill level 1 in Transmutations
   165 | D:1      | Reached XP level 2. HP: 15/15 MP: 1/5
   278 | D:1      | Reached skill level 4 in Earth Magic
   547 | D:1      | Reached XP level 3. HP: 19/19 MP: 4/6
   551 | D:1      | Learned a level 3 spell: Stone Arrow
   656 | D:1      | Found a faded altar of an unknown god.
  1123 | D:2      | You fall into a shaft and drop 1 floor!
  1152 | D:3      | Slain by a hobgoblin

Illustrated notes

Levels and vault maps discovered:
D:1:      moated_graveyard_arrival, layout_basic, ebering_ecumenical_altar_mist,
          minmay_misc_feat_nine_boxes
D:2:      layout_basic, uniq_terence
D:3:      minmay_goblin_kobold_castle, layout_loops_corners,
          hangedman_abyss_or_decor_stabs, kennysheep_path_1, grunt_ministairs_8

Skill      XL: |  1  2 |
---------------+-------+-----
Transmutations | 1 |  1.0
Earth Magic    | 4 |  4.4
Dodging        | |  1.5
Stealth        | |  2.1
Spellcasting   | |  2.8
Conjurations   | |  0.9

Action                   || total
-------------------------++-------
Melee: Unarmed           ||     4
 Cast: Sandblast         ||    52
  Use: Scroll            ||     5
       Potion            ||     1
Armor: Robe              ||    14
Dodge: Dodged            ||    39

Table legend: (Time is in decaauts)
 A = Elapsed time spent in this place.
 B = Non-inter-level travel time spent in this place.
 C = Inter-level travel time spent in this place.
 D = Time resting spent in this place.
 E = Time spent auto-exploring this place.
 F = Levels seen in this place.
 G = Mean time per level.
                   A        B        C        D        E       F      G
               +--------+--------+--------+--------+--------+-----+--------+
         Total |   1151 |   1142 |      9 |      0 |    952 |   3 |  383.7 |
       Dungeon |   1151 |   1142 |      9 |      0 |    952 |   3 |  383.7 |
               +--------+--------+--------+--------+--------+-----+--------+

Top non-repeatable levels by time:
     D:1: 944 daAuts
     D:2: 178 daAuts
     D:3: 28 daAuts
